 Dungeon Crawl Stone Soup version 0.17-a0-1596-g1e86911 (webtiles) character file.

2138 Torax the Poker (level 9, -1/65 HPs)
             Began as a Demonspawn Wanderer on July 30, 2015.
             Was a Believer of Cheibriados.
             Slain by Oceugarr the merfolk
             ... wielding a +0 vampiric trident
             ... created by the player character
              (10 damage)
             ... on level 5 of the Dungeon.
             The game lasted 00:10:44 (3850 turns).

Torax the Poker (Demonspawn Wanderer)               Turns: 3850, Time: 00:10:45

Health: -1/65      AC: 13    Str: 16    XL:     9   Next: 9%
Magic:  6/9        EV: 10    Int: 19    God:    Cheibriados [**....]
Gold:   97         SH:  5    Dex: 25    Spells: 0 memorised, 8 levels left

rFire  . . .     SeeInvis +     u - +0 trident
rCold  + . .     Clarity  +     g - +1 chain mail
rNeg   . . .     SustAt   .     b - +0 buckler
rPois  +         Gourm    .     (helmet unavailable)
rElec  .         Spirit   .     (no cloak)
rCorr  .         Warding  .     i - +0 pair of gloves
rMut   .         Rnd*Tele +     (no boots)
MR     .....                    (no amulet)
Stlth  ..........               q - ring of see invisible
                                h - ring of protection from cold

@: very slow, not resistant to hostile enchantments, extremely unstealthy
A: hooves 1, horns 3, yellow scales 1, clarity, nightstalker 1, poison
resistance, powered by death 1, teleportitis 1, no device heal 1
a: Bend Time, Renounce Religion


You were on level 5 of the Dungeon.
You worshipped Cheibriados.
Cheibriados was pleased with you.
You were not hungry.

You visited 1 branch of the dungeon, and saw 5 of its levels.

You collected 317 gold pieces.
You spent 220 gold pieces at shops.

Inventory:

Hand weapons
 p - a +1 spear of piercing
   (You found it on level 2 of the Dungeon)
 u - a +0 trident (weapon)
   (You found it on level 3 of the Dungeon)
Armour
 b - a +0 buckler (worn)
   (You found it on level 4 of the Dungeon)
 g - a +1 chain mail (worn)
   (You took it off an orc on level 4 of the Dungeon)
 i - a +0 pair of gloves (worn)
   (You found it on level 1 of the Dungeon)
Jewellery
 h - a ring of protection from cold (left hand)
   (You found it on level 1 of the Dungeon)
 q - a ring of see invisible (right hand)
   (You found it on level 2 of the Dungeon)
Magical devices
 r - a wand of slowing (16)
   (You took it off a kobold on level 2 of the Dungeon)
 v - a wand of flame (32)
   (You took it off a hobgoblin on level 3 of the Dungeon)
Scrolls
 a - 2 scrolls of random uselessness {unknown}
 c - a scroll of enchant armour
 d - 2 scrolls of amnesia {unknown}
 f - 5 scrolls of remove curse {unknown}
 n - 3 scrolls of identify
 s - 4 scrolls of teleportation {unknown}
Potions
 k - a potion of curing
 w - a potion of cure mutation {unknown}
 z - a potion of ambrosia {unknown}
Miscellaneous
 t - an ornate deck of wonders {drawn: 1}
   (You bought it in a shop on level 5 of the Dungeon)
Comestibles
 e - 2 bread rations
 j - a beef jerky
 l - 3 meat rations
 m - a chunk of flesh
 o - a fruit


   Skills:
 + Level 4.1 Fighting
   Level 1.7 Maces & Flails
 * Level 7.8 Polearms
 * Level 3.9 Armour
 + Level 6.2 Dodging
 - Level 1.0 Stealth
 - Level 1.0 Shields


You had 8 spell levels left.
You didn't know any spells.

Dungeon Overview and Level Annotations

Branches:
Dungeon (5/15)
 Temple: D:4-7

Altars:
Cheibriados
Kikubaaqudgha
Ru
Vehumet

Shops:
D:5 *


Innate Abilities, Weirdness & Mutations

You have a pair of large horns on your head.
You are partially covered in yellow scales (AC +2).
You are slightly more attuned to the shadows.
You regenerate a little health from kills.
You have large cloven feet.
You possess an exceptional clarity of mind.
Your system is resistant to poisons.
You are occasionally teleported to nearby monsters.
Potions and wands are less effective at restoring your health.


Message History

Drop what? 23/52 slots (_ for help) (? for menu, Esc to quit)
You drop a +0 trident.
HP restored.
Some of the chunks of flesh in your inventory have rotted away.
Found Noer's General Store.
Some of the chunks of flesh in your inventory have rotted away.
There is an entrance to Noer's General Store here.
t - an ornate deck of wonders Thank you for shopping at Noer's General Store!
Found 19 bolts and a trident.
n - 3 scrolls of identify (gained 1)
w - a green potion
z - a fuming dark potion An adder zombie comes into view.
Found a leather armour.
The adder zombie is too close now for your liking.
You see here a scroll labeled FELANOJ ZINO.
Read which item? (? for menu, Esc to quit)
Okay, then.
Evoke which item? (* to show all) (? for menu, Esc to quit)
You draw a card...
It is the Mercenary.
You cannot afford Oceugarr's fee of 280 gold!
Oceugarr attacks!
Oceugarr the merfolk comes into view. It is wielding a vampiric trident.
You hit Oceugarr but do no damage. You kick Oceugarr, but do no damage.
You puncture Oceugarr! You kick Oceugarr, but do no damage.
You headbutt Oceugarr, but do no damage.
Oceugarr is lightly wounded.
You block the adder zombie's attack. Oceugarr hits you but does no damage.
The adder zombie bites you but does no damage.
You puncture Oceugarr! You kick Oceugarr, but do no damage.
Your headbutt misses Oceugarr.
Oceugarr is moderately wounded.
Oceugarr closely misses you.
The adder zombie bites you but does no damage.
Some of the chunks of flesh in your inventory have rotted away.
You closely miss Oceugarr. Your headbutt misses Oceugarr.
Oceugarr is moderately wounded.
You block Oceugarr's attack. You block the adder zombie's attack.
You hit Oceugarr but do no damage. You kick Oceugarr, but do no damage.
You headbutt Oceugarr.
Oceugarr is moderately wounded.
Oceugarr hits you with a vampiric trident!
Oceugarr draws strength from your injuries!
You block the adder zombie's attack.
You closely miss Oceugarr. Your kick misses Oceugarr.
Oceugarr is lightly wounded.
The adder zombie bites you but does no damage.
You puncture Oceugarr!
Oceugarr is moderately wounded.
Oceugarr hits you with a vampiric trident!
Oceugarr draws strength from your injuries!
The adder zombie bites you but does no damage.
You puncture Oceugarr! You kick Oceugarr, but do no damage.
Oceugarr is moderately wounded.
Oceugarr hits you with a vampiric trident!
Oceugarr draws strength from your injuries!
The adder zombie barely misses you.
You are too injured to fight recklessly!
You are too injured to fight recklessly!
You are too injured to fight recklessly!
You are too injured to fight recklessly!
You are too injured to fight recklessly!
You are too injured to fight recklessly!
You hit Oceugarr but do no damage. You kick Oceugarr, but do no damage.
You headbutt Oceugarr.
Oceugarr is moderately wounded.
Oceugarr hits you with a vampiric trident!
* * * LOW HITPOINT WARNING * * *
A hound comes into view.
The hound barks!
The adder zombie misses you.
Press: ? - help, v - describe, . - travel
Here: Oceugarr the merfolk, wielding a vampiric trident and wearing a glowing robe (moderately wounded, durably summoned)
The floor.
Drink which item? (? for menu, Esc to quit)
Okay, then.
Read which item? (? for menu, Esc to quit)
As you read the scroll labeled QYGOYQ QIVVE, it crumbles to dust.
It is a scroll of recharging.
Charge which item? (? for menu, Esc to quit)
Your wand of flame {zapped: 4} glows for a moment.
The adder zombie barely misses you. Oceugarr closely misses you.
Evoke which item? (* to show all) (? for menu, Esc to quit)
Okay, then.
Use which ability? (? or * to list)
The flow of time bends around you.
Cheibriados rebukes the adder zombie.
The adder zombie seems to slow down.
Oceugarr resists with some effort.
You feel slightly more hungry.
Oceugarr hits you with a vampiric trident.
* * * LOW HITPOINT WARNING * * *
You block the adder zombie's attack.
Read which item? (? for menu, Esc to quit)
As you read the scroll labeled SOARYESMIT, it crumbles to dust.
It is a scroll of enchant armour.
Enchant which item? (? for menu, Esc to quit)
Your cursed +0 chain mail glows green for a moment.
Oceugarr hits you with a vampiric trident!
You die...

.. .... . ... .... .#
.. #.. #..##.## #####.#
#..##...... ..##.#
#.......#.# # #.##.#
[#.#..m..#.##.####.##.#
.....Z@...... #.......#
.#.#.h...#.####.(.....#
##.........#.......#
#.........##..........
#####...######.......#
.....# #.......#
###...# #.......# #...#
####.#.## #...# #.#)#


You could see Oceugarr the merfolk, a hound and an adder zombie.

Vanquished Creatures
  Grinder (D:3)
  6 yaks (D:5)
  The ghost of Tyryt0 the Shield-Bearer, an average FoFi (D:3)
  A water moccasin (D:4)
  The ghost of androgeny the Sneak, an average SpAs (D:4)
  2 sky beasts (D:5)
  An ogre (D:4)
  A phantom (D:4)
  An orc priest (D:4)
  2 worker ants
  An orc wizard (D:3)
  A hound skeleton (D:4)
  10 adders
  5 gnolls
  A shadow imp (D:3)
  2 oozes
  3 worms
  4 giant geckos
  8 orcs
  3 giant cockroaches
  6 goblins
  9 hobgoblins
  A ball python (D:2)
  6 bats
  5 giant newts
  9 kobolds
  2 quokkas
  5 rats
98 creatures vanquished.

Notes
Turn   | Place    | Note
--------------------------------------------------------------
     0 | D:1      | Torax the Demonspawn Wanderer began the quest for the Orb.
     0 | D:1      | Torax set off with: a +2 spear, a +0 hand axe, a potion of lignification, a +0 robe, a bread ration
     0 | D:1      | Reached XP level 1. HP: 18/18 MP: 1/1
    31 | D:1      | Reached skill level 2 in Polearms
   191 | D:1      | Gained mutation: You have a pair of small horns on your head. [demonic ancestry]
   191 | D:1      | Reached XP level 2. HP: 24/24 MP: 2/2
   925 | D:2      | Reached skill level 3 in Polearms
   969 | D:2      | Gained mutation: You regenerate a little health from kills. [demonic ancestry]
   969 | D:2      | Reached XP level 3. HP: 29/29 MP: 3/3
  1339 | D:2      | Found a snail-covered altar of Cheibriados.
  1348 | D:2      | Reached skill level 4 in Polearms
  1348 | D:2      | Gained mutation: You are partially covered in yellow scales (AC +2). [demonic ancestry]
  1348 | D:2      | Reached XP level 4. HP: 35/35 MP: 4/4
  1361 | D:2      | Became a worshipper of Cheibriados the Contemplative
  1759 | D:3      | Noticed Tyryt0's ghost (average FoFi)
  1942 | D:3      | Found a radiant altar of Vehumet.
  2102 | D:3      | Acquired Cheibriados's first power
  2102 | D:3      | Gained mutation: You have a pair of horns on your head. [demonic ancestry]
  2102 | D:3      | Reached XP level 5. HP: 26/41 MP: 5/5
  2136 | D:3      | Reached skill level 5 in Polearms
  2159 | D:3      | Noticed Grinder
  2178 | D:3      | Killed Grinder
  2178 | D:3      | Reached skill level 2 in Dodging
  2178 | D:3      | Gained mutation: You are slightly more attuned to the shadows. [demonic ancestry]
  2178 | D:3      | Reached XP level 6. HP: 30/47 MP: 6/6
  2313 | D:3      | Found a sacrificial altar of Ru.
  2351 | D:3      | Killed Tyryt0's ghost
  2351 | D:3      | Reached skill level 3 in Dodging
  2401 | D:3      | Reached XP level 7. HP: 22/52 MP: 7/7
  2841 | D:4      | Reached skill level 4 in Dodging
  2910 | D:4      | Reached skill level 6 in Polearms
  2982 | D:4      | Noticed androgeny's ghost (average SpAs)
  3000 | D:4      | Killed androgeny's ghost
  3128 | D:4      | Gained mutation: You have large cloven feet. [potion of mutation]
  3128 | D:4      | Gained mutation: You are occasionally teleported to nearby monsters. [potion of mutation]
  3128 | D:4      | Gained mutation: You have a pair of large horns on your head. [potion of mutation]
  3129 | D:4      | Gained mutation: You possess an exceptional clarity of mind. [potion of mutation]
  3129 | D:4      | Gained mutation: Potions and wands are less effective at restoring your health. [potion of mutation]
  3129 | D:4      | Gained mutation: Your system is resistant to poisons. [potion of mutation]
  3142 | D:4      | Reached skill level 5 in Dodging
  3253 | D:4      | Reached XP level 8. HP: 53/58 MP: 8/8
  3388 | D:4      | Found an ancient bone altar of Kikubaaqudgha.
  3579 | D:5      | Entered Level 5 of the Dungeon
  3616 | D:5      | Reached skill level 2 in Armour
  3623 | D:5      | Reached skill level 7 in Polearms
  3631 | D:5      | Reached skill level 3 in Armour
  3631 | D:5      | Reached skill level 6 in Dodging
  3659 | D:5      | Reached skill level 4 in Fighting
  3659 | D:5      | Reached XP level 9. HP: 59/65 MP: 9/9
  3807 | D:5      | Found Noer's General Store.
  3812 | D:5      | Bought an ornate deck of wonders for 220 gold pieces
  3847 | D:5      | HP: 13/65 [Oceugarr the merfolk/vampiric trident[the player character] (11)]
  3850 | D:5      | Slain by Oceugarr the merfolk

Vault maps used:
D:1:      dpeg_arrival_shrine, serial_forest, infiniplex_forest_lined_3,
          infiniplex_forest_lined_room_2, infiniplex_forest_clump_tiny,
          infiniplex_forest_zigzag_1, infiniplex_forest_clump_double,
          infiniplex_forest_clump_double
D:2:      cheibriados_altar_wand_db, minmay_misc_feat_encased
D:3:      vehumet_altar_wand_db, nicolae_ru_awakened_eye, minivault_19,
          uniq_grinder
D:4:      nicolae_overflow_hidden_temple
D:5:      first_bread, basic_altar, serial_shops, shop, nicolae_shop_trees

Action                   |  1- 3 |  4- 6 |  7- 9 || total
-------------------------+-------+-------+-------++-------
Melee: Spear             |    81 |   165 |   175 ||   421
       Trident           |       |       |     9 ||     9
Invok: Bend Time         |       |       |     1 ||     1
Evoke: Deck              |       |       |     1 ||     1
  Use: Potion            |       |     1 |     4 ||     5
       Scroll            |       |       |     4 ||     4
 Stab: Sleeping          |     4 |     1 |     3 ||     8
  Eat: Chunk             |     1 |     4 |     2 ||     7

Vault maps used:
D:1:      dpeg_arrival_shrine, serial_forest, infiniplex_forest_lined_3,
          infiniplex_forest_lined_room_2, infiniplex_forest_clump_tiny,
          infiniplex_forest_zigzag_1, infiniplex_forest_clump_double,
          infiniplex_forest_clump_double
D:2:      cheibriados_altar_wand_db, minmay_misc_feat_encased
D:3:      vehumet_altar_wand_db, nicolae_ru_awakened_eye, minivault_19,
          uniq_grinder
D:4:      nicolae_overflow_hidden_temple
D:5:      first_bread, basic_altar, serial_shops, shop, nicolae_shop_trees

Table legend:
 A = Turns spent in this place as a percentage of turns spent in the entire game.
 B = Non-inter-level travel turns spent in this place as a percentage of non-inter-level travel turns spent in the entire game.
 C = Inter-level travel turns spent in this place as a percentage of turns spent in this place.
 D = Turns resting spent in this place as a percentage of non-inter-level travel turns spent in this place.
 E = Turns spent auto-exploring this place as a percentage of non-inter-level travel turns spent in this place.
 F = Non-inter-level travel turns spent in this place divided by the number of levels of this place that you've seen.
                   A       B       C       D       E      F
               +-------+-------+-------+-------+-------+----------------------
         Total | 100.0 | 100.0 |   0.9 |   2.1 |  14.0 | 204.0
       Dungeon | 100.0 | 100.0 |   0.9 |   2.1 |  14.0 | 204.0
               +-------+-------+-------+-------+-------+----------------------

Table legend:
 A = Kills in this place as a percentage of kills in entire the game.
 B = Kills by you in this place as a percentage of kills by you in the entire game.
 C = Kills by friends in this place as a percentage of kills by friends in the entire game.
 D = Other kills in this place as a percentage of other kills in the entire game.
 E = Experience gained in this place as a percentage of experience gained in the entire game.
 F = Experience gained in this place divided by the number of levels of this place that you have seen.
                   A       B       C       D       E      F
               +-------+-------+-------+-------+-------+----------------------
         Total | 100.0 | 100.0 |  -nan |  -nan | 100.0 | 611.0
       Dungeon | 100.0 | 100.0 |  -nan |  -nan | 100.0 | 611.0
               +-------+-------+-------+-------+-------+----------------------
